 Dungeon Crawl Stone Soup version 0.28-a0-43-g560ac104fe (webtiles) character file.

Game seed: 1539817412637231908

61962 siradein the Frost Mage (level 14, -7/106 HPs)
             Began as a Demonspawn Ice Elementalist on July 29, 2021.
             Was a High Priest of Kikubaaqudgha.
             Engulfed by an ice statue's freezing vapour (20 damage)
             ... in an ice cave.
             The game lasted 02:06:20 (26230 turns).

siradein the Frost Mage (DsIE)                     Turns: 26230, Time: 02:06:20

Health: -7/106     AC: 26    Str:  8    XL:     14   Next: 62%
Magic:  30/30      EV: 15    Int: 21    God:    Kikubaaqudgha [*****.]
Gold:   1210       SH:  0    Dex: 15    Spells: 6/37 levels left

rFire   . . .      SeeInvis +   Q - staff of death
rCold   . . .      Faith    .   (no shield)
rNeg    + + .      Spirit   .   T - +1 troll leather armour of a bazaar {rPois rN+ Regen+ SInv}
rPois   +          Reflect  .   (helmet restricted)
rElec   .          Harm     .   l - +0 cloak
rCorr   .          Rampage  +   C - +0 pair of gloves
Will    ++...                   t - +1 pair of boots {rampage}
Stlth   ++........              (no amulet)
HPRegen 1.27/turn               E - +4 ring of protection
MPRegen 0.22/turn               r - ring of willpower

@: mighty, sanguine armoured, studying Ice Magic
A: horns 1, ignite blood 2, powered by pain 2, sanguine armour 3
a: Renounce Religion, Receive Corpses, Torment


You were in an ice cave.
You worshipped Kikubaaqudgha.
Kikubaaqudgha was extremely pleased with you.
You visited 3 branches of the dungeon, and saw 18 of its levels.
You also visited: Bailey, Gauntlet and Ice Cave.

You collected 1210 gold pieces.

Inventory:

Hand Weapons
 G - a +1 vampiric demon trident
 W - the +9 morningstar of Veivyred {freeze, Str+4}
   (You found it in a Gauntlet)

   It freezes those it strikes, dealing additional cold damage.
   It can also slow down cold-blooded creatures.
   Str:       It affects your strength (+4).
Armour
 l - a +0 cloak (worn)
 t - a +1 pair of boots of rampaging (worn)
 z - the +11 chain mail "Put-Me-On" {Int+5 Slay-4}
   (You found it on level 3 of the Lair of Beasts)

   Int:       It affects your intelligence (+5).
   Slay:      It affects your accuracy & damage with ranged weapons and melee
   (-4).
 C - a +0 pair of gloves (worn)
 S - the +1 tower shield "Plog" {rC+}
   (You took it off a minotaur in a Gauntlet)

   rC:        It protects you from cold.
 T - the +1 troll leather armour of a bazaar (worn) {rPois rN+ Regen+ SInv}
   (You took it off a minotaur in a Gauntlet)

   rPois:     It protects you from poison.
   rN:        It protects you from negative energy.
   SInv:      It lets you see invisible.
   Regen:     It increases your rate of health regeneration.
Magical Staves
 Q - a staff of death (weapon)
Jewellery
 e - a ring of positive energy
 r - a ring of willpower (right hand)
 E - a +4 ring of protection (left hand)
 K - a ring of ice
 U - a ring of wizardry
Wands
 b - a wand of paralysis (23)
 i - a wand of acid (3)
 y - a wand of iceblast (27)
 A - a wand of flame (70)
 Z - a wand of digging (4)
Scrolls
 c - 10 scrolls of teleportation
 g - 3 scrolls of enchant weapon
 h - 4 scrolls of fear
 k - 5 scrolls of immolation
 m - 3 scrolls of fog
 n - 3 scrolls of holy word
 q - 2 scrolls of summoning
 u - a scroll of identify
 D - 3 scrolls of enchant armour
 H - 2 scrolls of brand weapon
 O - 2 scrolls of torment {unknown}
Potions
 a - 3 potions of flight
 d - 7 potions of heal wounds
 f - 8 potions of might
 j - 5 potions of curing
 o - a potion of ambrosia
 p - 3 potions of mutation
 v - a potion of lignification
 x - a potion of magic
 B - a potion of haste
 F - 2 potions of berserk rage
 L - 2 potions of brilliance
Miscellaneous
 s - a condenser vane
 w - a phial of floods
 M - a phantom mirror


   Skills:
 + Level 8.8 Fighting
 + Level 4.8 Armour
 + Level 8.4 Dodging
 - Level 1.7 Stealth
 + Level 4.9 Shields
 + Level 12.0 Spellcasting
 + Level 11.2 Necromancy
 + Level 14.3 Ice Magic
 + Level 5.5 Evocations


You had 6 spell levels left.
You knew the following spells:

 Your Spells              Type           Power      Damage    Failure   Level
a - Freeze                Ice            100%       1d11      1%          1
b - Frozen Ramparts       Ice            100%       1d12      1%          3
c - Ozocubu's Armour      Ice            65%        N/A       1%          3
d - Hailstorm             Conj/Ice       42%        3d10      3%          4
e - Vampiric Draining     Necr           37%        2d11      1%          3
f - Pain                  Necr           100%       1d9       1%          1
g - Sublimation of Blood  Necr           37%        N/A       1%          2
h - Summon Ice Beast      Ice/Summ       42%        N/A       3%          4
i - Ice Form              Ice/Tmut       42%        N/A       3%          4
j - Simulacrum            Ice/Necr       39%        N/A       5%          6

Your spell library contained the following spells:

 Spells                   Type           Power      Damage    Failure   Level
 Animate Skeleton         Necr           100%       N/A       1%          1
 Dispel Undead            Necr           74%        3d25      1%          4
 Agony                    Necr           74%        N/A       1%          5
 Excruciating Wounds      Necr           37%        N/A       1%          5
 Apportation              Tloc           24%        N/A       7%          1
 Sandblast                Erth           24%        2d8       7%          1
 Passwall                 Tmut/Erth      10%        N/A       11%         2
 Death Channel            Necr           37%        N/A       11%         6
 Borgnjor's Vile Clutch   Necr/Erth      26%        N/A       21%         5
 Conjure Flame            Conj/Fire      12%        6-21      22%         3
 Ignite Poison            Fire/Tmut/Pois 12%        N/A       22%         3
 Portal Projectile        Hex/Tloc       24%        N/A       22%         3
 Stone Arrow              Conj/Erth      24%        3d8       22%         3
 Animate Armour           Summ/Erth      24%        N/A       56%         4
 Fulminant Prism          Conj/Hex       6%         3d7       56%         4
 Olgreb's Toxic Radiance  Pois           12%        N/A       56%         4
 Petrify                  Tmut/Erth      12%        N/A       56%         4
 Sticky Flame             Conj/Fire      12%        2d4       56%         4
 Alistair's Intoxication  Tmut/Pois      8%         N/A       89%         5
 Blade Hands              Tmut           6%         N/A       89%         5
 Irradiate                Conj/Tmut      6%         3d15      89%         5
 Lee's Rapid Deconstruct  Erth           6%         3d7*      89%         5
 Eringya's Noxious Bog    Tmut/Pois      6%         N/A       100%        6
 Invisibility             Hex            6%         N/A       100%        6
 Malign Gateway           Summ/Tloc      6%         N/A       100%        7
 Lehudib's Crystal Spear  Conj/Erth      6%         10d3      100%        8
 Summon Horrible Things   Summ           6%         N/A       100%        8


Dungeon Overview and Level Annotations

Branches:
Dungeon (11/15)            Temple (1/1) D:6            Lair (6/6) D:10
  Swamp (0/4) Lair:2       Spider (0/4) Lair:3        Slime (0/5) Lair:5
    Orc (0/2) D:10         Bailey (visited)           IceCv (1/1)
Gauntlet (visited)

Altars:
Ashenzari
Cheibriados
Dithmenos
Elyvilon
Fedhas
Gozag
Hepliaklqana
Kikubaaqudgha
Makhleb
Nemelex Xobeh
Okawaru
Qazlal
Ru
Sif Muna
Trog
Uskayaw
Vehumet
Wu Jian
Xom
Yredelemnul
Zin
The Shining One
Jiyva

Annotations:
Lair:1 1 runed translucent door, DocEon's ghost, journeyman DsGl
Lair:4 exclusion: 2 oklob plants
Lair:5 exclusion: oklob plant IceCv exclusion: ice statue


Innate Abilities, Weirdness & Mutations

You have a pair of small horns on your head.
Your demonic aura often causes spilled blood to erupt in flames.
You sometimes gain power by taking damage.
When seriously injured, your bleeding wounds create very thick armour. (AC +12)


Message History

Confirm with . or Enter, or press ? or * to list all spells.
Casting: Frozen Ramparts (safe; 1% risk of failure)
Press: ? - help, Dir - look around, f - activate The walls around you are covered in ice.
The ice statue completely resists.
The wall freezes the ice statue but does no damage.
The ice statue gestures at you. The shard of ice hits you!!
The ice beast completely resists.
The wall freezes the ice beast but does no damage.
The ice beast completely misses you.
Casting: Frozen Ramparts (safe; 1% risk of failure)
Confirm with . or Enter, or press ? or * to list all spells.
A chill wind blows around you.
The ice statue completely resists.
The wall freezes the ice statue but does no damage.
The ice statue gestures at you. The shard of ice misses you.
The shard of ice hits your ice beast!!
Your ice beast partially resists.
The ice beast completely resists.
The wall freezes the ice beast but does no damage.
The ice beast closely misses you.
Casting: Summon Ice Beast (dangerous; 3% risk of failure)
Confirm with . or Enter, or press ? or * to list all spells.
You can't see any susceptible monsters within range! (Use Z to cast anyway.)
Your icy armour and frozen ramparts will break if you move.
Continue?
Your icy armour cracks and falls away as you move.
The frozen ramparts melt away as you move.
The ice statue gestures at you. The freezing blast misses you.
You are engulfed in freezing vapours.
The ice statue gestures at you. The freezing blast engulfs you!!
* * * LOW HITPOINT WARNING * * *
You focus on the pain.
You feel your power returning.
You are engulfed in freezing vapours.
* * * LOW HITPOINT WARNING * * *
The ice statue gestures at you.
The shard of ice hits you but does no damage.
You are engulfed in freezing vapours.
You die...
Kikubaaqudgha rasps: "You have failed me!
Welcome... death!"

##..# ###..# ##8...###
#.....☼○###
###Y☼○°°§.### ####
##○○○☼....##
##..#######Y○°....#
####.......###○○§....#
##...##.......☼#@....##
#..#...#............##
#..######..........##
##..## ##.#÷...#.##
##..## ####.÷####
##..## ##..# ##..#
##..## ##..## #..##
#..## #...##


You could see an ice statue and an ice beast (summoned).

Vanquished Creatures
  A minotaur (Gauntlet)
  A dire elephant (Lair:4)
  4 boulder beetles
  7 hydras
  A centaur warrior (D:11)
  2 two-headed ogres
  14 death yaks
  A tengu warrior (D:11)
  An orc sorcerer (Bailey)
  3 cyclopes
  8 elephants (Lair:5)
  6 black mambas
  6 cane toads
  3 rime drakes
  Maggie (D:6)
  4 kobold demonologists
  13 komodo dragons
  A hornet (Lair:3)
  2 jumping spiders (Lair:3)
  A queen bee (shapeshifter) (D:11)
  Grinder (D:3)
  5 polar bears
  A tyrant leech (Gauntlet)
  8 blink frogs (Lair:5)
  A slime creature (D:8)
  8 dream sheep
  A centaur simulacrum (Gauntlet)
  Sigmund (D:3)
  Eustachio (D:6)
  4 redbacks (Lair:3)
  7 wyverns
  A wraith (D:9)
  A shadow (D:9)
  35 yaks
  A steam dragon (D:7)
  3 basilisks
  5 swamp worms
  Edmund (D:5)
  10 water moccasins
  A floating eye (Gauntlet)
  13 orc warriors
  A meliai simulacrum (Gauntlet)
  2 sky beasts (D:6)
  3 black bears
  2 ogres
  20 wolves
  4 centaurs
  2 phantoms
  A nameless horror (D:10)
  6 kobold brigands
  12 bullfrogs
  3 gnoll sergeants
  2 wyvern zombies (D:8)
  2 scorpions
  A wyvern skeleton (D:7)
  3 water moccasin skeletons
  16 killer bees
  5 wights (D:9)
  3 howler monkeys
  An electric eel (Bailey)
  A wyvern simulacrum (Gauntlet)
  A bullfrog zombie (D:5)
  2 centaur zombies
  A centaur skeleton (D:7)
  3 hounds
  8 orc priests
  Crazy Yiuf (D:5)
  7 orc wizards
  Jessica (D:3)
  An iguana (D:6)
  A hell rat (Lair:4)
  Robin (D:3)
  8 adders
  20 gnolls
  2 worms
  2 dart slugs
  30 orcs
  5 ball pythons
  11 endoplasms
  3 giant cockroaches (D:1)
  27 goblins
  11 hobgoblins
  27 kobolds
  2 quokkas
  8 bats
  3 frilled lizards
  4 rats
  A butterfly (Lair:5)
470 creatures vanquished.

Vanquished Creatures (collateral kills)
  Gastronok (Lair:1)
  A dire elephant (Lair:4)
  3 hydras
  A lindwurm (Lair:3)
  2 oklob plants (Lair:4)
  A shining eye (Gauntlet)
  2 cane toads
  2 rime drakes
  A troll (D:10)
  2 hornets (Lair:3)
  A blink frog (Lair:5)
  A centaur simulacrum (Gauntlet)
  5 yaks (Lair:3)
  A swamp worm (Gauntlet)
  A water moccasin (Lair:3)
  A black bear (Lair:3)
  A kobold brigand (D:11)
  An electric eel (Lair:1)
  3 kobolds (D:11)
31 creatures vanquished.

Vanquished Creatures (others)
  A wraith (D:9)
  27 fungi
  51 plants
  10 toadstools (Lair:4)
  2 withered plants (Gauntlet)
91 creatures vanquished.

Grand Total: 592 creatures vanquished

Notes
Turn   | Place    | Note
-------+----------+-------------------------------------------
     0 | D:1      | siradein the Demonspawn Ice Elementalist began the quest
                  | for the Orb.
     0 | D:1      | Reached XP level 1. HP: 13/13 MP: 3/3
   285 | D:1      | Gained mutation: When seriously injured, your bleeding
                  | wounds create armour. (AC +12) [demonic ancestry]
   285 | D:1      | Reached XP level 2. HP: 19/19 MP: 1/5
   605 | D:1      | Reached skill level 4 in Ice Magic
  1012 | D:1      | Reached XP level 3. HP: 24/24 MP: 5/7
  1016 | D:1      | Learned a level 3 spell: Frozen Ramparts
  1020 | D:1      | Learned a level 3 spell: Ozocubu's Armour
  1723 | D:2      | Found a basalt altar of Yredelemnul.
  1757 | D:2      | Found a faded altar of an unknown god.
  1852 | D:2      | Reached XP level 4. HP: 30/30 MP: 5/8
  2105 | D:3      | Noticed Jessica
  2108 | D:3      | Killed Jessica
  2198 | D:3      | Found a shimmering blue altar of Sif Muna.
  2354 | D:3      | Noticed Sigmund
  2369 | D:3      | Killed Sigmund
  2370 | D:3      | Reached skill level 5 in Ice Magic
  2370 | D:3      | Gained mutation: You sometimes gain a little power by
                  | taking damage. [demonic ancestry]
  2370 | D:3      | Reached XP level 5. HP: 30/35 MP: 1/11
  2370 | D:3      | Reached XP level 6. HP: 35/41 MP: 1/12
  2592 | D:3      | Noticed Robin
  2600 | D:3      | Killed Robin
  2607 | D:3      | Found an opulent altar of Gozag.
  2719 | D:3      | Noticed Grinder
  2895 | D:3      | Paralysed by Grinder for 4 turns
  2944 | D:3      | Paralysed by Grinder for 2 turns
  3250 | D:4      | Found a broken altar of Ashenzari.
  3253 | D:4      | Found a shimmering altar of Xom.
  3580 | D:4      | Reached skill level 5 in Spellcasting
  3702 | D:4      | Learned a level 4 spell: Hailstorm
  3737 | D:4      | Reached skill level 6 in Ice Magic
  3742 | D:4      | Reached XP level 7. HP: 46/46 MP: 7/15
  4116 | D:5      | Entered Level 5 of the Dungeon
  5039 | D:5      | Found a runed translucent door.
  5040 | D:5      | Noticed Crazy Yiuf
  5234 | D:6      | Reached skill level 7 in Ice Magic
  5234 | D:6      | Gained mutation: When seriously injured, your bleeding
                  | wounds create thick armour. (AC +12) [demonic ancestry]
  5234 | D:6      | Reached XP level 8. HP: 50/52 MP: 10/17
  5309 | D:6      | Noticed Maggie
  5340 | D:6      | Killed Maggie
  5796 | D:6      | Reached skill level 8 in Ice Magic
  5837 | D:6      | Noticed Eustachio
  5862 | D:6      | Killed Eustachio
  6020 | D:6      | Found a sacrificial altar of Ru.
  6224 | D:6      | Found a staircase to the Ecumenical Temple.
  6236 | Temple   | Entered the Ecumenical Temple
  6568 | Temple   | Became a worshipper of Kikubaaqudgha
  6721 | D:3      | Killed Grinder
  6722 | D:3      | Reached skill level 1 in Necromancy
  6722 | D:3      | Gained mutation: You sometimes gain power by taking damage.
                  | [demonic ancestry]
  6722 | D:3      | Reached XP level 9. HP: 54/57 MP: 15/20
  7327 | D:5      | Noticed Edmund
  7337 | D:5      | Killed Edmund
  7518 | D:5      | Killed Crazy Yiuf
  7752 | D:6      | Found a shadowy altar of Dithmenos.
  7960 | D:7      | Reached skill level 9 in Ice Magic
  8529 | D:8      | Found a flagged portal.
  8558 | Bailey   | Entered a bailey
  8624 | Bailey   | Reached * piety under Kikubaaqudgha
  8624 | Bailey   | Received a gift from Kikubaaqudgha
  8685 | Bailey   | Learned a level 3 spell: Vampiric Draining
  8792 | Bailey   | Learned a level 1 spell: Pain
  8794 | Bailey   | Learned a level 1 spell: Animate Skeleton
  8810 | Bailey   | Found an iron altar of Okawaru.
  8810 | Bailey   | Noticed an orc sorcerer
  8810 | Bailey   | Noticed a kobold demonologist
  8830 | Bailey   | Killed a kobold demonologist
  8831 | Bailey   | Reached skill level 5 in Necromancy
  8834 | Bailey   | Noticed a red devil
  8835 | Bailey   | Paralysed by an orc sorcerer for 2 turns
  8837 | Bailey   | Killed an orc sorcerer
  8838 | Bailey   | Reached XP level 10. HP: 45/63 MP: 1/23
  9647 | D:8      | Reached skill level 10 in Ice Magic
  9714 | D:8      | Reached skill level 1 in Fighting
  9717 | D:8      | Reached ** piety under Kikubaaqudgha
  9841 | D:8      | Found a radiant altar of Vehumet.
  9879 | D:8      | Noticed a cyclops
  9943 | D:8      | Killed a cyclops
 10496 | D:8      | Found a snail-covered altar of Cheibriados.
 11505 | D:9      | Noticed a two-headed ogre
 11516 | D:9      | Killed a two-headed ogre
 11693 | D:9      | Found a hazy altar of Hepliaklqana.
 11903 | D:9      | Gained mutation: Your demonic aura sometimes causes spilled
                  | blood to erupt in flames. [demonic ancestry]
 11903 | D:9      | Reached XP level 11. HP: 69/70 MP: 11/24
 12384 | D:9      | Learned a level 4 spell: Summon Ice Beast
 12389 | D:9      | Learned a level 4 spell: Ice Form
 12411 | D:9      | Reached *** piety under Kikubaaqudgha
 12411 | D:9      | Received a gift from Kikubaaqudgha
 12596 | D:10     | Entered Level 10 of the Dungeon
 12633 | D:10     | Found a staircase to the Orcish Mines.
 12721 | D:10     | Found a staircase to the Lair.
 12745 | D:10     | Reached skill level 11 in Ice Magic
 12888 | D:10     | Reached skill level 10 in Spellcasting
 12916 | D:10     | Learned a level 6 spell: Simulacrum
 13468 | D:10     | Found a basalt altar of Yredelemnul.
 13863 | D:11     | Noticed a two-headed ogre
 13870 | D:11     | Killed a two-headed ogre
 14482 | D:11     | Noticed a boulder beetle
 14482 | D:11     | Noticed a tengu warrior
 14482 | D:11     | Noticed a centaur warrior
 14490 | D:11     | Killed a tengu warrior
 14491 | D:11     | Reached skill level 5 in Dodging
 14492 | D:11     | Reached skill level 5 in Fighting
 14495 | D:11     | Killed a centaur warrior
 14525 | D:11     | Killed a boulder beetle
 14798 | D:11     | Got Zarumupn's Collected Works on the Mutagenic Oath
 14802 | D:11     | Got the Compendium of Vitriolic Necromancy
 15190 | D:11     | Reached skill level 12 in Ice Magic
 15658 | Lair:1   | Entered Level 1 of the Lair of Beasts
 15914 | Lair:1   | Reached **** piety under Kikubaaqudgha
 15916 | Lair:1   | Gained mutation: When seriously injured, your bleeding
                  | wounds create very thick armour. (AC +12) [demonic
                  | ancestry]
 15916 | Lair:1   | Reached XP level 12. HP: 77/86 MP: 8/26
 16086 | Lair:1   | Noticed a seven-headed hydra
 16099 | Lair:1   | Killed a seven-headed hydra
 16192 | Lair:1   | Found a runed translucent door.
 16192 | Lair:1   | Noticed DocEon's ghost (journeyman DsGl)
 16457 | Lair:1   | Noticed Gastronok
 16477 | Lair:1   | Killed Gastronok
 17627 | Lair:2   | Found a gate leading to a gauntlet.
 17639 | Gauntlet | Entered a Gauntlet
 17639 | Gauntlet | Found a transporter.
 17639 | Gauntlet | Found a transporter.
 17639 | Gauntlet | Found a transporter.
 17639 | Gauntlet | Found a transporter.
 17662 | Gauntlet | Found a transporter.
 17664 | Gauntlet | Found a large runed translucent door.
 17665 | Gauntlet | Found a large runed translucent door.
 17666 | Gauntlet | Found a large runed translucent door.
 17666 | Gauntlet | Found a large runed translucent door.
 17666 | Gauntlet | Found a runed translucent door.
 17666 | Gauntlet | Found a runed translucent door.
 17667 | Gauntlet | Found a large runed translucent door.
 17668 | Gauntlet | Found a large runed translucent door.
 17669 | Gauntlet | Found a large runed translucent door.
 17669 | Gauntlet | Found a large runed translucent door.
 17670 | Gauntlet | Found a runed translucent gate.
 17670 | Gauntlet | Found a runed translucent gate.
 17670 | Gauntlet | Found a runed translucent gate.
 17671 | Gauntlet | Noticed a catoblepas
 17672 | Gauntlet | Found a transporter.
 17676 | Gauntlet | Found a transporter.
 17686 | Gauntlet | Found a transporter.
 17710 | Gauntlet | Found a transporter.
 17715 | Gauntlet | Identified the +1 troll leather armour of a bazaar {rPois
                  | rN+ Regen+ SInv}
 17715 | Gauntlet | Identified the +1 tower shield "Plog" {rC+}
 17715 | Gauntlet | Noticed a minotaur
 17724 | Gauntlet | Found a transporter.
 17728 | Gauntlet | Found a transporter.
 17738 | Gauntlet | Found a transporter.
 17779 | Gauntlet | Found a large runed translucent door.
 17780 | Gauntlet | Found a large runed translucent door.
 17781 | Gauntlet | Found a large runed translucent door.
 17781 | Gauntlet | Found a large runed translucent door.
 17782 | Gauntlet | Found a large runed translucent door.
 17783 | Gauntlet | Found a large runed translucent door.
 17784 | Gauntlet | Found a large runed translucent door.
 17784 | Gauntlet | Found a large runed translucent door.
 18312 | Gauntlet | Paralysed by a floating eye for 2 turns
 18590 | Gauntlet | Killed a minotaur
 18611 | Gauntlet | Identified the +2 ring mail of the Powerful Elephant {Will+
                  | Dex+4}
 18611 | Gauntlet | Identified the +9 morningstar of Veivyred {freeze, Str+4}
 19233 | Lair:2   | Noticed a seven-headed hydra
 19241 | Lair:2   | Killed a seven-headed hydra
 19242 | Lair:2   | Reached skill level 1 in Armour
 19242 | Lair:2   | Reached skill level 1 in Shields
 19242 | Lair:2   | Reached skill level 1 in Evocations
 19247 | Lair:2   | Reached skill level 13 in Ice Magic
 19361 | Lair:2   | Noticed an eight-headed hydra
 19366 | Lair:2   | Killed an eight-headed hydra
 19619 | Lair:2   | Found a staircase to the Swamp.
 20215 | Lair:3   | Noticed an eight-headed hydra
 20226 | Lair:3   | Killed an eight-headed hydra
 20227 | Lair:3   | Gained mutation: Your demonic aura often causes spilled
                  | blood to erupt in flames. [demonic ancestry]
 20227 | Lair:3   | Reached XP level 13. HP: 79/96 MP: 15/28
 20560 | Lair:3   | Reached skill level 10 in Necromancy
 20571 | Lair:3   | Found a hole to the Spider Nest.
 21286 | Lair:3   | Reached ***** piety under Kikubaaqudgha
 21793 | Lair:3   | Identified the +11 chain mail "Put-Me-On" {Int+5 Slay-4}
 22955 | Lair:4   | HP: 2/98 [acid (10)]
 23095 | Lair:4   | Noticed a dire elephant
 23095 | Lair:4   | Noticed a dire elephant
 23134 | Lair:4   | Found a runed translucent door.
 23600 | Lair:4   | Killed a dire elephant
 23906 | Lair:4   | Killed a dire elephant
 24767 | Lair:5   | Gained mutation: You have a pair of small horns on your
                  | head. [demonic ancestry]
 24767 | Lair:5   | Reached XP level 14. HP: 96/105 MP: 10/29
 25335 | Lair:5   | Found a viscous altar of Jiyva.
 25335 | Lair:5   | Found a staircase to the Slime Pits.
 25342 | Lair:5   | Reached skill level 14 in Ice Magic
 25590 | Lair:6   | Entered Level 6 of the Lair of Beasts
 25642 | Lair:6   | Reached skill level 5 in Evocations
 25658 | Lair:6   | Learned a level 2 spell: Sublimation of Blood
 25786 | Lair:6   | Found a frozen archway.
 25801 | IceCv    | Entered an ice cave
 26230 | IceCv    | Engulfed by an ice statue's freezing vapour

Illustrated notes

Levels and vault maps discovered:
D:1:      dpeg_arrival_arbitrary_b, layout_basic, minmay_worlds_worst_comb
D:2:      layout_rooms, basic_altar, ebering_ecumenical_altar_petrified
D:3:      layout_loops_ring, lemuel_doored_altar, lemuel_crystal_altar,
          elyvilon_altar_3, uniq_jessica, uniq_robin, uniq_grinder, uniq_sigmund
D:4:      layout_basic, chequers_temple_overflow_statue_of_worship, minivault_1,
          eino_curves_01, minmay_fractal_squares_diagonal_5
D:5:      layout_gridville, uniq_crazy_yiuf_cottage, uniq_edmund
D:6:      layout_basic, grunt_dithmenos_shadows,
          nicolae_ru_sacrificial_ziggurat, minmay_temple_entry_antechambers,
          minmay_crystal_water, kennysheep_decorative_pillar, uniq_eustachio,
          uniq_maggie
D:7:      layout_rooms, minmay_crystal_room, st_stairs_7
D:8:      kennysheep_big_flooded_room, layout_basic,
          nicolae_vehumet_altar_sigil, enter_bailey_5, st_stairs_7,
          grunt_ministairs_8, serial_park_tiny_pond, minivault_27,
          hangedman_feature_mirror
D:9:      layout_loops_ring, marbit_many_paths
D:10:     layout_basic, yredelemnul_altar_generic, david_lair_shrubbed,
          orc_0_dummy
D:11:     layout_grid_maze, minmay_radiant
Temple:   minmay_temple_forest_path
Lair:1:   layout_roguey, hellmonk_ghost_happy_afterlife, serial_bayou_pond_b,
          nicolae_lair_grove_arrangements, cheibrodos_lair_caveside_slide,
          infiniplex_staircase_pool, serial_bayou_shore_b, uniq_gastronok
Lair:2:   layout_loops_ring, palyth_hydra_swamp_entry, gauntlet_entry_generic
Lair:3:   cheibrodos_lair_overgrown_chateau, layout_cave_pods,
          nicolae_spider_entry_tight_spaces
Lair:4:   gammafunk_lair_enchanted_lake, layout_gridlike,
          minmay_lair_oklob_chamber, infiniplex_staircase_pool_2
Lair:5:   layout_hall_layers, dpeg_slime_entry_enclosed_altar,
          lemuel_fruit_fields
Lair:6:   evilmike_catoblepas_cave, layout_small_grid, portal_ice_cave_rime,
          kennysheep_rathole
IceCv:    ice_cave_small_giant

Skill      XL: |  1  2  3  4  5  6  7  8  9 10 11 12 13 14 |
---------------+-------------------------------------------+-----
Ice Magic      | 4 5 6 7 8 9 10 12 13 14 | 14.3
Spellcasting   | 3 4 5 6 7 9 10 11 12 | 12.0
Necromancy     | 1 5 7 8 9 10 11 | 11.2
Dodging        | 3 5 6 7 8 |  8.4
Fighting       | 3 5 7 8 |  8.8
Armour         | 1 3 4 |  4.8
Shields        | 1 4 |  4.9
Evocations     | 2 4 5 |  5.5
Stealth        | |  1.7

Action                   |  1- 3 |  4- 6 |  7- 9 | 10-12 | 13-15 || total
-------------------------+-------+-------+-------+-------+-------++-------
Melee: Dagger            |     8 |       |       |       |       ||     8
       Club              |       |    23 |    13 |       |       ||    36
       Flail             |       |       |     2 |   229 |       ||   231
       Morningstar       |       |       |    83 |    22 |       ||   105
       Staff             |       |       |       |   112 |   272 ||   384
       Unarmed           |       |       |       |       |     3 ||     3
       Headbutt          |       |       |       |       |    15 ||    15
 Cast: Freeze            |    52 |    33 |    52 |     6 |     1 ||   144
       Frozen Ramparts   |       |     6 |    32 |    77 |    49 ||   164
       Ozocubu's Armour  |       |     4 |    22 |    81 |    60 ||   167
       Hailstorm         |       |       |     5 |    26 |    21 ||    52
       Animate Skeleton  |       |       |     2 |     6 |       ||     8
       Vampiric Draining |       |       |       |    29 |    74 ||   103
       Summon Ice Beast  |       |       |       |    19 |    13 ||    32
       Simulacrum        |       |       |       |    11 |    19 ||    30
       Ice Form          |       |       |       |       |     1 ||     1
       Sublimation of Bl |       |       |       |       |     7 ||     7
Evoke: Wand              |       |       |       |     5 |       ||     5
  Use: Scroll            |       |     6 |     6 |    11 |     3 ||    26
       Potion            |       |     1 |       |       |       ||     1
 Stab: Sleeping          |     3 |     2 |       |     1 |     1 ||     7
       Distracted        |       |       |       |     2 |       ||     2
Armor: Robe              |    11 |    10 |    19 |       |       ||    40
       Steam dragon scal |       |       |    88 |   309 |       ||   397
       Troll leather arm |       |       |       |    71 |   335 ||   406
       Skin              |       |       |       |       |    10 ||    10
Dodge: Dodged            |    39 |    32 |   126 |   438 |   491 ||  1126

Table legend: (Time is in decaauts)
 A = Elapsed time spent in this place.
 B = Non-inter-level travel time spent in this place.
 C = Inter-level travel time spent in this place.
 D = Time resting spent in this place.
 E = Time spent auto-exploring this place.
 F = Levels seen in this place.
 G = Mean time per level.
                   A        B        C        D        E       F      G
               +--------+--------+--------+--------+--------+-----+--------+
         Total |  26573 |  25901 |    672 |   1113 |  19886 |  21 | 1265.4 |
       Dungeon |  14543 |  14111 |    432 |    383 |  11481 |  11 | 1322.1 |
        Temple |    371 |    332 |     39 |      0 |    329 |   1 |  371.0 |
          Lair |   9270 |   9069 |    201 |    309 |   6942 |   6 | 1545.0 |
        Bailey |    886 |    886 |      0 |    213 |    404 |   1 |  886.0 |
      Ice Cave |    432 |    432 |      0 |      0 |    359 |   1 |  432.0 |
      Gauntlet |   1068 |   1068 |      0 |    208 |    371 |   1 | 1068.0 |
               +--------+--------+--------+--------+--------+-----+--------+

Top non-repeatable levels by time:
  Lair:4: 2219 daAuts
  Lair:3: 2078 daAuts
    D:11: 2041 daAuts
  Lair:1: 1908 daAuts
     D:8: 1714 daAuts
     D:9: 1610 daAuts
     D:3: 1445 daAuts
     D:5: 1435 daAuts
  Lair:5: 1433 daAuts
  Lair:2: 1411 daAuts
     D:6: 1391 daAuts
     D:1: 1343 daAuts
     D:4: 1214 daAuts
Gauntlet: 1068 daAuts
    D:10: 1044 daAuts
